 Dungeon Crawl Stone Soup version 0.13.0-6-g40e4d2d (webtiles) character file.

149334 JacquesDerrida the Aerator (level 16, -6/100 HPs)
             Began as a High Elf Air Elementalist on Oct 13, 2013.
             Was the Champion of Sif Muna.
             Mangled by a wolf spider (10 damage)
             ... on Level 4 of the Spider Nest on Oct 15, 2013.
             The game lasted 04:09:01 (30633 turns).

JacquesDerrida the Aerator (HEAE)                  Turns: 30633, Time: 04:09:02

HP  -6/100       AC 28     Str 12      XL: 16   Next: 61%
MP   5/35        EV 14     Int 23      God: Sif Muna [******]
Gold 2335        SH  0     Dex 18      Spells:  8 memorised,  7 levels left

Res.Fire  : + . .   See Invis. : .   o - +12,+10 falchion "Dastruog" {pain, rF+ Stlth+}
Res.Cold  : . . .   Warding    : .   N - +4 swamp dragon armour
Life Prot.: . . .   Conserve   : .   (no shield)
Res.Poison: +       Res.Corr.  : .   G - +0 helmet
Res.Elec. : .       Clarity    : .   U - +0 cloak {darkness}
Sust.Abil.: . .     Spirit.Shd : .   P - +2 pair of gauntlets {Dex+3}
Res.Mut.  : .       Stasis     : .   K - +0 pair of boots
Res.Rott. : .       Flight     : +   L - amulet of the gourmand
Gourmand  : +                        i - +5,+5 ring of slaying
                                     e - +6 ring of protection

@: repel missiles (expiring), flying, very slightly contaminated, quite
resistant to hostile enchantments, stealthy
A: no striking features
a: Channel Energy, Forget Spell, Renounce Religion, Evoke Invisibility
}: 1/15 runes: decaying


You were on level 4 of the Spider Nest.
You worshipped Sif Muna.
Sif Muna was exalted by your worship.
You were near starving.

You visited 6 branches of the dungeon, and saw 35 of its levels.
You also visited: Labyrinth and Volcano.

You collected 2526 gold pieces.
You spent 211 gold pieces at shops.

Inventory:

Hand weapons
 o - the +12,+10 falchion "Dastruog" (weapon) {pain, rF+ Stlth+}
   (You found it on level 5 of the Dungeon)

   In the hands of one skilled in necromantic magic, it inflicts extra damage on
   living creatures.
   It protects you from fire.
   It makes you much more stealthy.
Armour
 G - a +0 helmet (worn)
 J - the +1 leather armour of Skenel {rPois MR++}
   (You bought it in a shop on level 4 of the Orcish Mines)

   It protects you from poison.
   It affects your resistance to hostile enchantments.
 K - a +0 pair of boots (worn)
 N - a +4 swamp dragon armour (worn)
 P - a +2 pair of gauntlets of dexterity (worn)
 U - a +0 cloak of darkness (worn)
Magical devices
 a - a wand of teleportation (4) {unknown}
 r - a wand of disintegration (14)
 A - a wand of disintegration (9)
 E - a wand of fireball (3)
 H - a wand of fireball (3)
 I - a wand of draining (8)
Comestibles
 d - 2 honeycombs
 h - 2 royal jellies
 k - 6 bread rations
 n - a rotting chunk of wolf spider flesh
 v - 2 rotting chunks of tarantella flesh
 z - 4 chunks of wolf spider flesh
 M - 3 apples
Scrolls
 b - 6 scrolls of identify
 f - a scroll of teleportation
 l - a scroll of fog
 m - a scroll of magic mapping
 O - 6 scrolls of remove curse
 V - a scroll of vulnerability
Jewellery
 c - an uncursed ring of see invisible
 e - a +6 ring of protection (left hand)
 g - an uncursed ring of protection from fire
 i - a +5,+5 ring of slaying (right hand)
 s - an uncursed ring of teleport control
 y - a cursed ring of hunger {unknown}
 B - an uncursed ring of ice
 C - an uncursed amulet of rage
 L - an amulet of the gourmand (around neck)
Potions
 w - a potion of might
 x - 3 potions of brilliance
 R - 2 potions of restore abilities
Miscellaneous
 u - a phial of floods
 Q - a lamp of fire
Rods
 p - a +0 rod of frigid destruction (13/13)
   (You found it on level 7 of the Dungeon)


   Skills:
 - Level 8.0 Fighting
 - Level 10.1 Long Blades
 + Level 10.8 Armour
 - Level 8.0 Dodging
 - Level 2.1 Stealth
 - Level 10.1 Spellcasting
 - Level 10.3 Conjurations
 - Level 12.6 Charms
 - Level 8.2 Ice Magic
 - Level 16.4 Air Magic
   Level 3.7 Poison Magic
 - Level 8.9 Invocations


You had 7 spell levels left.
You knew the following spells:

 Your Spells              Type           Power        Failure   Level  Hunger
a - Shock                 Conj/Air       ####         1%          1    None
b - Swiftness             Chrm/Air       ######....   1%          2    None
c - Repel Missiles        Chrm/Air       ######....   1%          2    None
d - Flight                Chrm/Air       ######....   1%          3    None
e - Lightning Bolt        Conj/Air       ######....   1%          5    ###....
f - Regeneration          Chrm/Necr      #####.....   1%          3    None
g - Haste                 Chrm           ######..     8%          6    ######.
h - Freezing Cloud        Conj/Ice/Air   ######....   10%         6    ######.


Dungeon Overview and Level Annotations

Branches:
Dungeon (13/27)            Temple (1/1) D:6             Orc (4/4) D:9
    Elf (0/3) Orc:4          Lair (8/8) D:13          Swamp (5/5) Lair:6
 Spider (4/5) Lair:5        Slime (0/6) Lair:8

Altars:
Ashenzari
Cheibriados
Elyvilon
Fedhas
Kikubaaqudgha
Makhleb
Nemelex Xobeh
Okawaru
Sif Muna
Trog
Vehumet
Xom
Zin
the Shining One
Jiyva

Shops:
Orc:1 +   Orc:4 =[=(/

Annotations:
Swamp:1 Aizul
Swamp:4 Mara
Spider:4 Jorgrun


Message History

The wolf spider bites you but does no damage.
The wolf spider barely misses you.
Drink which item? (? for menu, Esc to quit)
You feel better. The wolf spider closely misses you.
The wolf spider hits you but does no damage.
The redback misses you.
Unknown command.
Drink which item? (? for menu, Esc to quit)
You feel better. The wolf spider barely misses you. The wolf spider hits you.
* * * LOW HITPOINT WARNING * * *
The redback closely misses you. The wolf spider bites you.
* * * LOW HITPOINT WARNING * * *
The wolf spider hits you but does no damage.
Unknown command.
Drink which item? (? for menu, Esc to quit)
You feel better. The redback barely misses you.
The jumping spider leaps!
The wolf spider bites you!
* * * LOW HITPOINT WARNING * * *
The wolf spider hits you!
You die...

.#.#...<..#..§#.#. .
....######..##..^#. ..
................... ..
.^...q.......^... .
##...^####%###.. ##^
#§§......#......
##..###q#.^...§..%...[
≈≈;#..§§§s§§.>...§§§§^#..
≈≈.....§@s§§..^##§§§§.#..
≈#≈...#########§§§§§#^#.#
≈### #...#§§..[..#
......§..#...#
.....s.#....^
.##^..##....# ^.#.# .##.#
##. .


You could see Jorgrun, a wolf spider, a redback and an electric eel.

Vanquished Creatures
  the Lernaean hydra (Swamp:5)
  Norris (Spider:2)
  An emperor scorpion (Spider:2)
  A minotaur (Lab)
  Fannar (Lair:3)
  Harold (Swamp:1)
  The ghost of DeltaCharlie the Severer, a powerful HOAK of Lugonu (Lair:4)
  Nessos (D:13)
  14 hydras
  4 death yaks (Lair:8)
  An alligator (Swamp:2)
  An orc high priest (Orc:4)
  A centaur warrior (D:13)
  Nergalle (D:12)
  An unseen horror (D:12)
  Erolcha (D:12)
  15 swamp dragons
  The ghost of Illaniel the Slasher, an experienced HESk of Okawaru (Lair:1)
  3 hill giants
  Pikel (D:4)
  2 giant amoebae (Swamp:1)
  2 orc knights (Orc:2)
  A lindwurm (Lair:8)
  The ghost of HungrySpirit the Cleaver, an experienced MiGl of Trog (D:6)
  14 wolf spiders
  A griffon (Lair:7)
  2 orc sorcerers (Orc:4)
  A cyclops (D:11)
  4 black mambas
  15 elephants
  5 red wasps
  Psyche (Orc:4)
  20 spiny frogs
  4 fire drakes
  10 orb spiders
  2 queen bees
  3 demonic crawlers (Spider:2)
  8 komodo dragons
  6 polar bears (Lair:8)
  15 blink frogs
  6 giant leeches
  2 trolls
  14 jumping spiders
  5 bog bodies
  4 two-headed ogres
  13 slime creatures
  11 grizzly bears (Lair:8)
  21 redbacks
  12 tarantellas
  5 trapdoor spiders
  4 basilisks
  A hog (Volcano)
  13 ugly things (D:13)
  An elephant slug (Lair:7)
  32 vampire mosquitoes
  Eustachio (D:4)
  2 wyverns
  A hungry ghost (D:9)
  61 yaks
  Grum (D:12)
  A wandering mushroom (Lair:8)
  A deep elf fighter (Volcano)
  9 hippogriffs
  25 wolves
  2 manticores
  18 swamp worms
  A necrophage (D:11)
  10 porcupines
  16 swamp drakes
  5 ice beasts
  26 orc warriors
  2 hell hounds (Lair:8)
  3 giant goldfish (Swamp:5)
  A slave (D:4)
  7 black bears
  A rotting devil (Orc:4)
  A sky beast (D:7)
  A yellow wasp (Spider:1)
  11 ogres
  2 boring beetles
  15 crocodiles
  3 big kobolds
  Duvessa (D:7)
  3 phantoms
  9 centaurs
  6 giant slugs
  A komodo dragon zombie (D:9)
  14 giant frogs
  6 wargs
  12 water moccasins
  10 agate snails
  17 insubstantial wisps
  12 jellyfish
  An eye of draining (D:11)
  A hippogriff skeleton (D:9)
  49 killer bees
  4 wights (D:9)
  11 electric eels
  9 crimson imps
  A yak skeleton (D:11)
  Dowan (D:7)
  2 giant frog zombies
  A yellow wasp zombie (D:13)
  3 centaur zombies
  2 goliath beetles
  A big fish (Spider:3)
  4 jellies
  Crazy Yiuf (D:3)
  22 hounds
  24 spiders
  19 orc priests
  A soldier ant zombie (D:13)
  27 orc wizards
  7 scorpions
  13 iguanas
  7 worker ants
  A crocodile zombie (D:12)
  6 sheep (Lair:8)
  A mummy (D:9)
  36 adders
  A worker ant zombie (D:5)
  5 giant centipedes
  6 green rats (Lair:2)
  2 giant mites
  5 worms
  An adder zombie (D:8)
  A giant eyeball (D:11)
  10 giant geckos
  5 oozes
  128 orcs
  A ball python (D:1)
  24 bats
  A bat skeleton (D:5)
  3 giant cockroaches
  15 goblins
  19 hobgoblins
  52 kobolds
  10 quokkas
  8 giant newts
  A giant spore (D:10)
  A hobgoblin skeleton (D:7)
  30 jackals
  A jackal zombie (D:5)
  A kobold skeleton (D:6)
  21 rats
  A rat zombie (D:5)
  3 ballistomycetes (D:10)
  2 butterflies (D:4)
  2 fungi
  3 plants
1249 creatures vanquished.

Vanquished Creatures (others)
  A swamp dragon (Swamp:5)
  An orc sorcerer (Orc:4)
  A slave (D:4)
  A centaur (D:12)
  A giant eyeball (D:4)
  A giant gecko (D:4)
  2 orcs
  A bat (D:4)
  A goblin (D:4)
  A giant spore (D:9)
  A butterfly (D:4)
  9 fungi
  5 plants
26 creatures vanquished.

Grand Total: 1275 creatures vanquished

Notes
Turn   | Place    | Note
--------------------------------------------------------------
     0 | D:1      | JacquesDerrida, the High Elf Air Elementalist, began the quest for the Orb.
     0 | D:1      | Reached XP level 1. HP: 11/11 MP: 4/4
   164 | D:1      | Reached XP level 2. HP: 13/17 MP: 0/6
   251 | D:1      | Reached skill level 4 in Air Magic
   834 | D:1      | Learned a level 2 spell: Swiftness
   837 | D:1      | Learned a level 2 spell: Repel Missiles
   946 | D:2      | Reached XP level 3. HP: 21/21 MP: 0/8
  1164 | D:2      | Found a viscous altar of Jiyva.
  1170 | D:2      | Reached skill level 5 in Air Magic
  1404 | D:2      | Reached XP level 4. HP: 27/27 MP: 9/11
  1785 | D:3      | Noticed a big kobold
  1797 | D:3      | Killed a big kobold
  1797 | D:3      | Reached skill level 6 in Air Magic
  1797 | D:3      | Reached XP level 5. HP: 27/31 MP: 0/12
  1979 | D:3      | Noticed a big kobold
  1990 | D:3      | Killed a big kobold
  2415 | D:3      | Noticed Crazy Yiuf
  2441 | D:3      | Killed Crazy Yiuf
  2441 | D:3      | Reached skill level 7 in Air Magic
  2441 | D:3      | Reached XP level 6. HP: 36/36 MP: 5/15
  2581 | D:3      | acidapple: >HEAE
  2582 | D:3      | acidapple: фу
  2583 | D:3      | JacquesDerrida: )))
  2583 | D:3      | acidapple: поставил дизлайк
  2583 | D:3      | acidapple: отписался
  2583 | D:3      | JacquesDerrida: ЧОМУ
  2583 | D:3      | acidapple: удалил из друзей
  2583 | D:3      | acidapple: почистил историю
  2583 | D:3      | acidapple: переустановил виндоус
  2583 | D:3      | acidapple: помылся с мылом
  2583 | D:3      | JacquesDerrida: перешел на линукс
  2583 | D:3      | acidapple: отказался от мяса
  2583 | D:3      | JacquesDerrida: сжег квартиру
  2583 | D:3      | JacquesDerrida: забил дверь
  2583 | D:3      | acidapple: заколотил окна
  2583 | D:3      | JacquesDerrida: покинул континент
  2583 | D:3      | acidapple: побежал голый в школу
  2583 | D:3      | JacquesDerrida: улетел на луну из пушки
  2583 | D:3      | acidapple: улетел на юпитер
  2583 | D:3      | JacquesDerrida: вышел за пределы СОЛАР СИСТЕМ
  2583 | D:3      | JacquesDerrida: думал жыву взять
  2583 | D:3      | acidapple: выбежал
  2583 | D:3      | JacquesDerrida: но нет
  2583 | D:3      | JacquesDerrida: вот же дерьмо!
  2583 | D:3      | JacquesDerrida: я там в бейли был
  2583 | D:3      | JacquesDerrida: почти прошел
  2583 | D:3      | acidapple: ALWAYS I WANNA BE WITH YOU
  2583 | D:3      | JacquesDerrida: все украл
  2583 | D:3      | JacquesDerrida: и простой орк УБИЛ
  2583 | D:3      | JacquesDerrida: (((((
  2583 | D:3      | acidapple: AND MAKE BELIEVE WITH YOU
  2634 | D:3      | acidapple: AND LIVE IN HARMONY HARMONY
  2689 | D:3      | acidapple: OH LOVE
  2723 | D:3      | JacquesDerrida: ЭЙР лучший элемент
  2723 | D:3      | JacquesDerrida: после ВОДЫ
  2723 | D:3      | acidapple: тут нету воды
  2723 | D:3      | JacquesDerrida: эльф лучший человек
  2723 | D:3      | JacquesDerrida: самый человек
  2785 | D:3      | acidapple: бесчеловечный
  2900 | D:3      | JacquesDerrida: думаю я победю
  2900 | D:3      | acidapple: что если абузить зигураты ураганщиком немелекса?
  2996 | D:3      | acidapple: вызывать новые с помощью карту
  2996 | D:3      | acidapple: фармить паны
  2996 | D:3      | acidapple: фармить зиги
  2996 | D:3      | acidapple: опять паны
  2996 | D:3      | acidapple: новый зиг
  2996 | D:3      | JacquesDerrida: фармить кукурузу
  3109 | D:3      | acidapple: и в конце у тебя миллиард очков
  3109 | D:3      | JacquesDerrida: сладкую
  3109 | D:3      | acidapple: и тебя на работу в майкрософт берут
  3130 | D:3      | acidapple: лучше уж сразу попкорн выращивать
  3136 | D:3      | Learned a level 3 spell: Flight
  3224 | D:3      | acidapple: а знаешь что было бы смешно
  3224 | D:3      | JacquesDerrida: почти дед
  3232 | D:3      | acidapple: если бы ты так и не скастовал
  3235 | D:3      | acidapple: полет
  3246 | D:3      | JacquesDerrida: )))(((
  3246 | D:3      | JacquesDerrida: у меня завтра праздник
  3246 | D:3      | acidapple: ханнука?
  3246 | D:3      | JacquesDerrida: завтра я пойду забирать две марки лсд по 150 мкг
  3246 | D:3      | JacquesDerrida: потом поеду на дачку к другу
  3246 | D:3      | JacquesDerrida: укроюсь одеялом
  3246 | D:3      | JacquesDerrida: возьму в руки книжку юнга ответ иову
  3246 | D:3      | JacquesDerrida: съем
  3246 | D:3      | JacquesDerrida: и буду ждать пока накатит
  3246 | D:3      | acidapple: а я в вузик завтра поеду
  3246 | D:3      | JacquesDerrida: потом 10 часов созерцать себя и вселенную
  3246 | D:3      | acidapple: ну не то чтобы праздник
  3246 | D:3      | JacquesDerrida: зачем
  3246 | D:3      | acidapple: но что-то в этом есть
  3246 | D:3      | JacquesDerrida: прогуляй
  3246 | D:3      | JacquesDerrida: че за вузик
  3246 | D:3      | acidapple: зачем?
  3246 | D:3      | JacquesDerrida: давай я зарейчу
  3246 | D:3      | JacquesDerrida: 1-10
  3254 | D:3      | acidapple: я за тебя зарейчу
  3254 | D:3      | acidapple: 1
  3254 | D:3      | acidapple: денег нету
  3254 | D:3      | acidapple: на зиму закроют корпуса
  3254 | D:3      | JacquesDerrida: ГУМАНИТАРНЫЙ???
  3254 | D:3      | acidapple: технарский
  3254 | D:3      | JacquesDerrida: не это норм атмосферно
  3254 | D:3      | acidapple: но на зиму закроют корпуса
  3254 | D:3      | acidapple: и 2 месяца каникул
  3254 | D:3      | acidapple: будет
  3254 | D:3      | JacquesDerrida: а как же гуманитарности
  3254 | D:3      | JacquesDerrida: ниче се
  3254 | D:3      | JacquesDerrida: нештяк
  3254 | D:3      | acidapple: чтобы деньги на отопление не тратить
  3254 | D:3      | JacquesDerrida: северяне однако
  3254 | D:3      | JacquesDerrida: но не суровые
  3254 | D:3      | acidapple: но нужно до первой сессии все лабы и зачеты посдавать
  3274 | D:4      | acidapple: потому что когда закроют
  3282 | D:4      | acidapple: никто у тебя их принимать не будет
  3282 | D:4      | JacquesDerrida: лабы и зачеты это уныние и ацтой
  3282 | D:4      | JacquesDerrida: я в институте только курсовики писал
  3282 | D:4      | JacquesDerrida: я говорил
  3282 | D:4      | acidapple: это как в задницу долбиться
  3282 | D:4      | acidapple: только тебе не нравится
  3282 | D:4      | acidapple: и ты не учавствуешь в процессе
  3282 | D:4      | JacquesDerrida: о привет вы мой научрук я напишу вам курсовик но как хочу и про что хочу
  3282 | D:4      | JacquesDerrida: и так писал
  3282 | D:4      | acidapple: гуманитарий?
  3282 | D:4      | JacquesDerrida: все охуевали говорят вот молодец заебись написал
  3282 | D:4      | JacquesDerrida: конечно
  3282 | D:4      | JacquesDerrida: ПЕРЕВОДЧИК
  3282 | D:4      | acidapple: хорошо тебе
  3282 | D:4      | JacquesDerrida: ФЕЛОЛОГ
  3282 | D:4      | JacquesDerrida: так я ушел уже
  3282 | D:4      | JacquesDerrida: заебался
  3282 | D:4      | acidapple: плохо тебе
  3282 | D:4      | acidapple: играешь вот в кравл
  3282 | D:4      | JacquesDerrida: с середины четвертого курса
  3282 | D:4      | JacquesDerrida: надоело
  3282 | D:4      | JacquesDerrida: однажды проснулся
  3282 | D:4      | JacquesDerrida: и подумал
  3282 | D:4      | JacquesDerrida: ну и нахуя
  3282 | D:4      | JacquesDerrida: и перестал ходить
  3282 | D:4      | acidapple: а мог бы нюхать дорожку кокса с задницы мулатки где-нибудь в Кубе, при этом потрахивая её и попивая мохито
  3282 | D:4      | JacquesDerrida: год живу на НАСЛЕДСТВО
  3282 | D:4      | JacquesDerrida: как томас манн
  3282 | D:4      | JacquesDerrida: только наследство почти кончилось
  3282 | D:4      | JacquesDerrida: ((()))
  3282 | D:4      | acidapple: а ты воровать умеешь?
  3282 | D:4      | JacquesDerrida: не
  3282 | D:4      | JacquesDerrida: я аскет
  3282 | D:4      | acidapple: тогда мне нечего тебе посоветовать
  3282 | D:4      | JacquesDerrida: я аскет эстет
  3282 | D:4      | JacquesDerrida: мне много нинада
  3282 | D:4      | acidapple: макет?
  3282 | D:4      | JacquesDerrida: мальборо чебурек кофе
  3282 | D:4      | acidapple: пикет?
  3282 | D:4      | acidapple: ты пикет?
  3282 | D:4      | JacquesDerrida: иногда кислоты винишки
  3282 | D:4      | acidapple: я правильно тебя понял?
  3282 | D:4      | JacquesDerrida: я приплод
  3282 | D:4      | acidapple: я тоже
  3282 | D:4      | acidapple: ну не совсем
  3282 | D:4      | acidapple: у меня друг приплод
  3282 | D:4      | acidapple: но я тоже в себе что-то такое чувствую
  3282 | D:4      | JacquesDerrida: я навет и я завет
  3282 | D:4      | acidapple: букет?
  3282 | D:4      | JacquesDerrida: привет!
  3282 | D:4      | JacquesDerrida: нормально год провел
  3282 | D:4      | JacquesDerrida: на наследство
  3282 | D:4      | JacquesDerrida: текстов запилил на книжку
  3282 | D:4      | JacquesDerrida: все понял
  3282 | D:4      | JacquesDerrida: все прочитал
  3282 | D:4      | JacquesDerrida: дзен монах теперь
  3282 | D:4      | JacquesDerrida: ОК
  3301 | D:4      | acidapple: я бы хотел угореть по дзену
  3313 | D:4      | acidapple: так чтобы хорошо было
  3318 | D:4      | acidapple: но как-то руки не доходили
  3319 | D:4      | acidapple: а ноги доходили
  3319 | D:4      | JacquesDerrida: съещь лизергин
  3319 | D:4      | JacquesDerrida: поймешь
  3319 | D:4      | JacquesDerrida: все
  3319 | D:4      | acidapple: я один раз капли в глаза капал
  3319 | D:4      | JacquesDerrida: хотя я монахом был и до лизера
  3319 | D:4      | acidapple: и у меня от них зрачки расширялись
  3319 | D:4      | JacquesDerrida: D: D: D:
  3319 | D:4      | acidapple: и я не мог фокусироваться на предметах
  3319 | D:4      | JacquesDerrida: это тебе зрение проверяли
  3319 | D:4      | JacquesDerrida: на очки наверное
  3319 | D:4      | acidapple: наверное
  3319 | D:4      | acidapple: но у меня плохое зрение
  3319 | D:4      | acidapple: очень
  3319 | D:4      | JacquesDerrida: мне тоже делали
  3319 | D:4      | acidapple: а очки сделать лень
  3319 | D:4      | JacquesDerrida: астигматизм однако
  3319 | D:4      | JacquesDerrida: жан-поль деррида
  3319 | D:4      | JacquesDerrida: тьфу тьфу
  3319 | D:4      | JacquesDerrida: не сглазить бы
  3319 | D:4      | JacquesDerrida: сглазить ха-ха каламбур
  3319 | D:4      | JacquesDerrida: ха-ха...
  3358 | D:4      | JacquesDerrida: плохо что завтра еще на узи идти......
  3438 | D:4      | JacquesDerrida: NOICE
  3438 | D:4      | acidapple: я в Контр страйк когда играл всегда узи покупал
  3453 | D:4      | Noticed Pikel
  3477 | D:4      | Killed Pikel
  3477 | D:4      | Reached skill level 5 in Conjurations
  3477 | D:4      | Reached skill level 9 in Air Magic
  3477 | D:4      | JacquesDerrida: всех победил
  3477 | D:4      | Reached XP level 7. HP: 7/41 MP: 7/17
  3642 | D:4      | acidapple: заберут сейчас твой кнут
  3642 | D:4      | acidapple: и сделают тебя рабом
  3750 | D:4      | JacquesDerrida: (((
  3750 | D:4      | JacquesDerrida: я зареволчу
  3750 | D:4      | acidapple: умный думаешь
  3750 | D:4      | JacquesDerrida: СТРОНК
  3750 | D:4      | acidapple: оставят из одежды только шкуру
  3750 | D:4      | acidapple: и при малейшем намеке на магию - хуяк кнутом
  3750 | D:4      | JacquesDerrida: я сошью из травы костюм
  3750 | D:4      | JacquesDerrida: под цвет кожи
  3750 | D:4      | JacquesDerrida: надену
  3750 | D:4      | JacquesDerrida: они будут думать я голый
  3750 | D:4      | JacquesDerrida: я убегу и покрашусь акварелью
  3750 | D:4      | JacquesDerrida: в костюме буду
  3750 | D:4      | JacquesDerrida: устрою РЕВОЛТ
  3750 | D:4      | acidapple: можешь сшить костюм под цвет стенки
  3750 | D:4      | JacquesDerrida: Раздам шахты шахтерам
  3750 | D:4      | acidapple: и слиться с месностью
  3750 | D:4      | JacquesDerrida: тоже да
  3750 | D:4      | acidapple: из травы, естественно
  3750 | D:4      | acidapple: а потом ты потеряешь индивидуальность
  3750 | D:4      | acidapple: и превратишься в мимика
  3750 | D:4      | JacquesDerrida: или на глаза смотрителю травы налепить
  3750 | D:4      | JacquesDerrida: чтобы все слилось
  3750 | D:4      | JacquesDerrida: в бибику превращусь
  3750 | D:4      | acidapple: мимику
  3750 | D:4      | JacquesDerrida: с колесами
  3757 | D:4      | JacquesDerrida: я недавно посылаю в журнал тексты
  3757 | D:4      | JacquesDerrida: выбирают самый уебашный и говорят
  3757 | D:4      | JacquesDerrida: напечатаем
  3757 | D:4      | JacquesDerrida: ну я им на голову серанул знатно
  3757 | D:4      | JacquesDerrida: но позволил напечатать!
  3757 | D:4      | JacquesDerrida: пускай тешатся!
  3757 | D:4      | JacquesDerrida: но дух мой свободный!
  3757 | D:4      | JacquesDerrida: не сломлен и не порабошен!
  3757 | D:4      | JacquesDerrida: сам по себе арррр!
  3858 | D:4      | acidapple: а тебе лаве забашляют?
  3863 | D:4      | JacquesDerrida: НЕ
  3863 | D:4      | JacquesDerrida: бесплатно
  3863 | D:4      | JacquesDerrida: лит. журналы порезали с перестройкой
  3863 | D:4      | JacquesDerrida: у кого был миллион тираж
  3863 | D:4      | JacquesDerrida: стал 5000
  3863 | D:4      | JacquesDerrida: у кого 200 тыщ
  3863 | D:4      | JacquesDerrida: стало 1500
  3863 | D:4      | JacquesDerrida: у этого 1500 и один экземпляр стоит 47 рублей
  3863 | D:4      | acidapple: лучше иметь 5 журналов по 200 тыщ
  3863 | D:4      | JacquesDerrida: хотя все в интернете есть конечно
  3866 | D:4      | acidapple: чем 1 на миллион
  3867 | D:4      | acidapple: я посчитал
  3878 | D:4      | JacquesDerrida: ЧОМУ
  3878 | D:4      | acidapple: ну так у тебя буден 5000
  3878 | D:4      | acidapple: а так у тебя будет 7500
  3878 | D:4      | JacquesDerrida: НЕ ИМЕЙ МИЛЛИОН А ИМЕЙ ПЯТЬ РАЗ пО 200ъ
  3878 | D:4      | acidapple: верь мне, я технарь
  3878 | D:4      | acidapple: будущий
  3878 | D:4      | JacquesDerrida: ХИТРЕЦ ПРОНЫРА БИЗНЕСМЕН
  3878 | D:4      | acidapple: и бывший
  3878 | D:4      | JacquesDerrida: да удобно
  3878 | D:4      | JacquesDerrida: все знать наперед
  3878 | D:4      | JacquesDerrida: но кто же знал что знать -- это не знать а делать!
  3878 | D:4      | JacquesDerrida: кто бывший почему
  3878 | D:4      | JacquesDerrida: нет
  3878 | D:4      | JacquesDerrida: да
  3878 | D:4      | acidapple: я бывший кот
  3878 | D:4      | JacquesDerrida: ЧЕЛОВЕК НЫНЕШНИЙ
  3878 | D:4      | acidapple: сейчас адмирал космических войск
  3878 | D:4      | acidapple: в будущем - технарь
  3878 | D:4      | JacquesDerrida: я однажды нашему именитому переводчику хуев на воротник напихал мастерски
  3878 | D:4      | JacquesDerrida: он рассказал как с буддой встретился
  3878 | D:4      | JacquesDerrida: и что ответил на вопрос ТЫ КТО
  3878 | D:4      | JacquesDerrida: пояснил ему за буддизм я!
  3878 | D:4      | JacquesDerrida: УНОСИЛИ НА РУКАх
  3878 | D:4      | JacquesDerrida: ОТПАИВАЛИ БАРМИДОЛОММАРМИДОЛОМ
  3878 | D:4      | JacquesDerrida: ГЕРОЙ
  3893 | D:4      | Noticed Eustachio
  3894 | D:4      | acidapple: довел человека
  3894 | D:4      | acidapple: и рад
  3894 | D:4      | JacquesDerrida: ТА НЕ,,,,,,)))
  3894 | D:4      | JacquesDerrida: я силой дзена
  3894 | D:4      | JacquesDerrida: показал
  3896 | D:4      | acidapple: мог бы что-нибудь хорошее сделать
  3899 | D:4      | acidapple: например табуретку
  3900 | D:4      | JacquesDerrida: я познал дзен и показал ему всю правду.....
  3903 | D:4      | Killed Eustachio
  3903 | D:4      | Reached XP level 8. HP: 16/46 MP: 1/18
  3907 | D:4      | JacquesDerrida: (((((
  3998 | D:4      | JacquesDerrida: ЖЭВОЙ
  4096 | D:4      | acidapple: меня всегда бесило когда рабы разбегались по уровню и выносили все живое
  4098 | D:4      | acidapple: прочитай свитки
  4107 | D:4      | acidapple: что ты в самом деле
  4108 | D:4      | JacquesDerrida: TOZHE VERNO
  4110 | D:4      | Found a white marble altar of Elyvilon.
  4130 | D:4      | Reached skill level 10 in Air Magic
  4281 | D:4      | acidapple: я тебе рассказывал историю как меня на задании ранили в запьястье и я разбил бюст ленина?
  4281 | D:4      | JacquesDerrida: КАПИТАЛИСТ ЧТО ЛИ
  4281 | D:4      | JacquesDerrida: КАК МОГ ЛЕНИНА!
  4281 | D:4      | acidapple: тогда не-ленина
  4281 | D:4      | acidapple: бюст не-ленина
  4281 | D:4      | JacquesDerrida: бюст ленни
  4281 | D:4      | JacquesDerrida: ленни брюса
  4281 | D:4      | JacquesDerrida: брюст ленни
  4338 | D:4      | JacquesDerrida: БЛЯ
  4338 | D:4      | JacquesDerrida: НЕ А ЧТО ТАМ РАССКАЗЫВАЙ РАССКАЗЫВАЙ
  4341 | D:4      | acidapple: ну я никому не рассказывал
  4341 | D:4      | acidapple: потому что её нету
  4341 | D:4      | acidapple: я вот уточнил
  4341 | D:4      | JacquesDerrida: хм.....
  4341 | D:4      | JacquesDerrida: придется гибридиться раньше обычного,,,
  4593 | D:5      | Entered Level 5 of the Dungeon
  4613 | D:5      | JacquesDerrida: сколько перчаток
  4613 | D:5      | JacquesDerrida: СТОП
  4639 | D:5      | Got a crude falchion
  4656 | D:5      | Identified the falchion "Dastruog" {pain, rF+ Stlth+} (You found it on level 5 of the Dungeon)
  4657 | D:5      | JacquesDerrida: ебаааать
  4657 | D:5      | JacquesDerrida: мне еще и некроманцию кочать что ли
  4658 | D:5      | JacquesDerrida: пиздец
  4701 | D:5      | JacquesDerrida: DED
  4725 | D:5      | Reached skill level 1 in Fighting
  4773 | D:5      | JacquesDerrida: яки на д5
  4773 | D:5      | JacquesDerrida: заебцом
  4792 | D:5      | Found a blossoming altar of Fedhas.
  4864 | D:5      | JacquesDerrida: некроманция -2
  4864 | D:5      | JacquesDerrida: тогда нафиг
  4957 | D:5      | Got a warped crystal amulet
  5095 | D:5      | Upgraded the game from 0.13.0-3-g966e3ec to 0.13.0-5-g7e31f0a
  5120 | D:5      | Learned a level 5 spell: Lightning Bolt
  5859 | D:5      | Reached skill level 5 in Spellcasting
  5859 | D:5      | Reached XP level 9. HP: 23/54 MP: 13/23
  6142 | D:6      | Noticed HungrySpirit's ghost (experienced MiGl)
  6199 | D:6      | Killed HungrySpirit's ghost
  6199 | D:6      | Reached skill level 5 in Dodging
  6528 | D:6      | Found a staircase to the Ecumenical Temple.
  6545 | Temple   | Entered the Ecumenical Temple
  7021 | D:7      | Identified the amulet "Dyanlosk" {Spirit rElec Dam+3} (You found it on level 5 of the Dungeon)
  7094 | D:7      | Identified a +0 rod of frigid destruction (13/13) (You found it on level 7 of the Dungeon)
  7317 | D:7      | Noticed Duvessa
  7319 | D:7      | Noticed Dowan
  7351 | D:7      | Killed Duvessa
  7406 | D:7      | Killed Dowan
  7668 | D:7      | Reached XP level 10. HP: 59/59 MP: 19/25
  7766 | D:7      | Found a deep blue altar of Sif Muna.
  7775 | D:7      | Became a worshipper of Sif Muna the Loreminder
  9132 | D:9      | Acquired Sif Muna's first power
  9708 | D:10     | Entered Level 10 of the Dungeon
  9776 | D:10     | Acquired Sif Muna's second power
  9835 | D:10     | Upgraded the game from 0.13.0-5-g7e31f0a to 0.13.0-6-g40e4d2d
 10078 | D:10     | Noticed a hill giant
 10153 | D:10     | Killed a hill giant
 10227 | D:10     | Reached skill level 11 in Air Magic
 10311 | D:10     | Noticed a hill giant
 10359 | D:10     | Reached XP level 11. HP: 39/64 MP: 5/29
 10694 | D:9      | Found a staircase to the Orcish Mines.
 10819 | D:10     | Reached skill level 12 in Air Magic
 10866 | D:10     | Reached skill level 1 in Invocations
 10943 | D:10     | Killed a hill giant
 11494 | D:11     | Reached skill level 5 in Long Blades
 11520 | D:11     | Learned a level 3 spell: Regeneration
 11961 | D:11     | Reached skill level 5 in Charms
 12868 | D:12     | Killed an unseen horror
 12915 | D:12     | Noticed a hill giant
 12932 | D:12     | Killed a hill giant
 12955 | D:12     | Noticed Erolcha
 12959 | D:12     | Killed Erolcha
 12977 | D:12     | Learned a level 6 spell: Haste
 13167 | D:12     | Reached XP level 12. HP: 70/70 MP: 21/30
 13369 | D:12     | Acquired Sif Muna's third power
 13440 | D:12     | Noticed Grum
 13499 | D:12     | Killed Grum
 13578 | D:12     | Noticed Nergalle
 13608 | D:12     | Killed Nergalle
 13953 | D:13     | Found a labyrinth entrance.
 13963 | Lab      | Entered a labyrinth
 14387 | Lab      | Noticed a minotaur
 14406 | Lab      | Killed a minotaur
 14426 | Lab      | Got a pair of steaming boots
 14426 | Lab      | Got an opalescent robe
 14438 | Lab      | Identified the cursed +1 robe of Fucewarph {rF+} (You found it in a labyrinth)
 14442 | Lab      | Identified the cursed -2 pair of boots of Sorcery {Acc+6 Dam+5} (You found it in a labyrinth)
 14500 | D:13     | Noticed Nessos
 14619 | D:13     | Found a staircase to the Lair.
 14680 | Lair:1   | Entered Level 1 of the Lair of Beasts
 14692 | Lair:1   | Noticed Illaniel's ghost (experienced HESk)
 14835 | Lair:2   | Reached skill level 10 in Spellcasting
 14981 | Lair:2   | Found a glowing golden altar of the Shining One.
 15049 | Lair:2   | Reached skill level 10 in Charms
 15549 | Lair:1   | Got a wavering bronze ring
 15552 | Lair:1   | Identified the ring of Ollaekh {Ice Str-5} (You found it on level 1 of the Lair of Beasts)
 15813 | Lair:1   | Noticed a seven-headed hydra
 15848 | Lair:1   | Killed a seven-headed hydra
 16095 | Lair:1   | Killed Illaniel's ghost
 16095 | Lair:1   | Received a gift from Sif Muna
 16095 | Lair:1   | Reached XP level 13. HP: 74/74 MP: 17/32
 16098 | Lair:1   | Identified Viosawir's Disquisition on Boosting Conjuration (Sif Muna gifted it to you on level 1 of the Lair of Beasts)
 16107 | Lair:1   | Learned a level 6 spell: Poisonous Cloud
 16144 | Lair:3   | Noticed Fannar
 16165 | Lair:3   | Killed Fannar
 16165 | Lair:3   | Reached skill level 1 in Poison Magic
 17077 | Lair:4   | Got a jewelled flail
 17473 | Lair:4   | Reached skill level 10 in Conjurations
 17541 | Lair:4   | Noticed DeltaCharlie's ghost (powerful HOAK)
 17607 | Lair:4   | Killed DeltaCharlie's ghost
 18033 | Lair:5   | Reached skill level 13 in Air Magic
 18239 | Lair:5   | Found a hole to the Spider Nest.
 18313 | Lair:5   | Received a gift from Sif Muna
 18316 | Lair:5   | Identified Sif Muna's Collected Works on Flying Battle Magic (Sif Muna gifted it to you on level 5 of the Lair of Beasts)
 18730 | Lair:6   | Reached skill level 14 in Air Magic
 19313 | Lair:6   | Found a staircase to the Swamp.
 19492 | Lair:6   | Reached skill level 15 in Air Magic
 19946 | Lair:7   | Reached XP level 14. HP: 32/81 MP: 4/33
 20311 | Lair:7   | Identified the +2,+4 flail of the Skies Above {vamp, Noisy rElec rN+} (You found it on level 4 of the Lair of Beasts)
 20409 | Lair:8   | Entered Level 8 of the Lair of Beasts
 20495 | Lair:8   | Reached skill level 16 in Air Magic
 20775 | Lair:8   | Received a gift from Sif Muna
 20822 | Lair:8   | Identified Sif Muna's Papyrus of Flying Conjuration (Sif Muna gifted it to you on level 8 of the Lair of Beasts)
 20832 | Lair:8   | Learned a level 6 spell: Freezing Cloud
 20922 | Lair:8   | Reached skill level 1 in Ice Magic
 21186 | Lair:8   | Found a staircase to the Slime Pits.
 21253 | Lair:8   | Reached skill level 5 in Ice Magic
 21933 | Lair:8   | Got a pair of ichor-stained boots
 21935 | Lair:8   | Identified the -5 pair of boots "Cuitrapp" {Str-3 Acc+6} (You found it on level 8 of the Lair of Beasts)
 22061 | Lair:8   | Received a gift from Sif Muna
 22064 | Lair:8   | Identified Sif Muna's Second Course in Witchcraft (Sif Muna gifted it to you on level 8 of the Lair of Beasts)
 23005 | D:13     | Killed Nessos
 23168 | D:13     | Reached skill level 5 in Invocations
 23355 | Orc:1    | Entered Level 1 of the Orcish Mines
 23385 | Orc:1    | Found Poeskait's Book Shop.
 23419 | Orc:1    | Found a dark tunnel.
 23439 | Volcano  | Entered a volcano
 24102 | Orc:4    | Entered Level 4 of the Orcish Mines
 24200 | Orc:4    | Found Loaduesko's Jewellery Shoppe.
 24200 | Orc:4    | Found a staircase to the Elven Halls.
 24203 | Orc:4    | Noticed Psyche
 24215 | Orc:4    | Killed Psyche
 24405 | Orc:4    | Found Kiaheidgh's Antique Armour Shoppe.
 24407 | Orc:4    | Found Twojeged's Jewellery Shoppe.
 24453 | Orc:4    | Reached XP level 15. HP: 28/85 MP: 11/34
 24693 | Orc:4    | Found Domoydd's Weapon Emporium.
 24694 | Orc:4    | Found Pniutofa's Magical Wand Emporium.
 24731 | Orc:4    | Bought a fine leather armour for 161 gold pieces
 24731 | Orc:4    | Bought a runed cloak for 23 gold pieces
 24731 | Orc:4    | Bought a pair of embroidered gauntlets for 27 gold pieces
 24743 | Orc:4    | Identified the cursed +1 leather armour of Skenel {rPois MR++} (You bought it in a shop on level 4 of the Orcish Mines)
 25406 | Swamp:1  | Entered Level 1 of the Swamp
 25527 | Swamp:1  | Noticed Harold
 25533 | Swamp:1  | Noticed Aizul
 26491 | Swamp:2  | Reached skill level 10 in Long Blades
 26837 | Swamp:3  | Reached skill level 1 in Armour
 26919 | Swamp:4  | Noticed Mara
 27050 | Swamp:3  | Reached skill level 5 in Fighting
 27226 | Swamp:5  | Entered Level 5 of the Swamp
 28086 | Swamp:5  | Reached skill level 5 in Armour
 28110 | Swamp:5  | Noticed the 27-headed Lernaean hydra
 28173 | Swamp:5  | Killed the 27-headed Lernaean hydra
 28173 | Swamp:5  | Reached XP level 16. HP: 88/100 MP: 12/35
 28394 | Swamp:5  | Got a decaying rune of Zot
 28574 | Swamp:3  | JacquesDerrida: ((()))
 28622 | Swamp:3  | stonewall: Это луковица?
 28624 | Swamp:2  | JacquesDerrida: где
 28624 | Swamp:2  | JacquesDerrida: да
 28642 | Swamp:1  | JacquesDerrida: какой еще айзул
 28642 | Swamp:1  | JacquesDerrida: какой гарольд
 28642 | Swamp:1  | JacquesDerrida: где
 28659 | Swamp:1  | Killed Harold
 28991 | Spider:1 | Entered Level 1 of the Spider Nest
 29555 | Spider:2 | Identified a scroll of acquirement
 29558 | Spider:2 | Got a bloodstained ring mail
 29560 | Spider:2 | Identified the -3 ring mail "Leirchy" {rElec} (You acquired it on level 2 of the Spider Nest)
 29994 | Spider:2 | Noticed Norris
 30028 | Spider:2 | Killed Norris
 30028 | Spider:2 | Reached skill level 10 in Armour
 30496 | Spider:4 | Noticed Jorgrun
 30629 | Spider:4 | HP: 4/100 [wolf spider (3)]
 30633 | Spider:4 | Mangled by a wolf spider

Action                   |  1- 3 |  4- 6 |  7- 9 | 10-12 | 13-15 | 16-18 || total
-------------------------+-------+-------+-------+-------+-------+-------++-------
Melee: Dagger            |    26 |    21 |       |       |       |       ||    47
       Short sword       |       |     3 |       |       |       |       ||     3
       Scimitar          |       |     5 |       |       |       |       ||     5
       Staff             |       |     1 |     2 |       |       |       ||     3
       Falchion          |       |       |    30 |   404 |  1228 |   234 ||  1896
 Cast: Shock             |    61 |   118 |   322 |   643 |   222 |    10 ||  1376
       Swiftness         |       |     3 |    22 |    43 |    31 |     5 ||   104
       Flight            |       |     3 |     1 |       |    20 |    16 ||    40
       Lightning Bolt    |       |       |     2 |    68 |   198 |    17 ||   285
       Repel Missiles    |       |       |     1 |    10 |     8 |     2 ||    21
       Regeneration      |       |       |       |    26 |   108 |    26 ||   160
       Haste             |       |       |       |     1 |     4 |     3 ||     8
       Poisonous Cloud   |       |       |       |       |     3 |       ||     3
       Freezing Cloud    |       |       |       |       |    77 |    65 ||   142
Invok: Channel Energy    |       |       |       |   123 |   411 |   158 ||   692
 Abil: Evoke Teleport Co |       |     1 |       |       |     1 |       ||     2
Evoke: Wand              |       |       |     4 |    22 |    11 |     2 ||    39
  Use: Scroll            |       |       |    19 |    14 |    20 |    10 ||    63
       Potion            |       |       |     2 |    20 |    10 |     5 ||    37
 Stab: Sleeping          |       |     1 |       |     5 |    16 |     1 ||    23
       Invisible         |       |       |       |       |     2 |       ||     2
       Distracted        |       |       |       |       |     1 |       ||     1
